 BcadrenCrawl: Boulder Brew version 0.05.4-34-ge9035e85c9 (webtiles) character file.

Game seed: 696163731124975716, levelgen mode: deterministic

2282 esc the Shooter (level 9, -12/78 HPs) Black Draconian Noble. Began on Jan 25, 2022. Mangled by an orc warrior ... wielding a +0 glaive (18 damage) ... on level 4 of the Dungeon. The game lasted 00:19:58 (3811 turns).

esc the Shooter (Black Draconian Noble)             Turns: 3811, Time: 00:19:59

Health: -12/78     AC: 11    Str: 17    XL:     9 ^: 2267
Magic:  11/11      EV: 14    Int: 12    God:
Gold:   190        SH:  0    Dex: 17    Spells: 10/10 levels left

rFire    . . .     Vision   .   c - +4 longbow (velocity)
rCold    . . .     Gourm    .   (also wielding the above weapon)
rNeg     . . .     Faith    .   (armour unavailable)
rCorr    . . .     Spirit   .   f - +0 hat
rPois    +         Reflect  .   e - +0 cloak
rElec    .         Harm     .   b - +0 pair of gloves {archery}
MR       .....                  d - +0 pair of boots
Stlth    +++++.....             (no amulet)
HPRegen  0.36/turn              h - ring of poison resistance
MPRegen  0.21/turn              j - ring of strength

@: no status effects
A: deformed body 2, cold-blooded, necromancy enhancer 1, Stlth+++, AC +8
a: Breathe Negative Energy


You were on level 4 of the Dungeon.
You were not hungry.

You visited 1 branch of the dungeon, and saw 4 of its levels.
You also visited: Market.

You collected 190 gold pieces.
You spent 1000 gold pieces at shops.

Inventory:

Weapons
 c - a +4 longbow of velocity (weapon)
Armour
 b - a +0 pair of gloves of archery (worn)
 d - a +0 pair of boots (worn)
 e - a +0 cloak (worn)
 f - a +0 hat (worn)
Jewellery
 h - a ring of poison resistance (left hand)
 j - a ring of strength (right hand)
 k - an uncursed ring of resist corrosion
 q - a cursed ring of evasion {(Curse: rF-)}
Scrolls
 o - a scroll of teleportation
 p - a scroll of blinking
Potions
 l - 2 potions of cure mutation
 m - 2 potions of curing
 n - 2 potions of heal wounds
Comestibles
 a - 4 rations
 g - 8 chunks of flesh


   Skills:
 + Level 6.6 Fighting
 + Level 7.8 Bows
 + Level 4.3 Dodging
 - Level 0.6 Stealth
 - Level 1.3 Spellcasting


You had 10 spell levels left.
You didn't know any spells.
Your spell library was empty.

Dungeon Overview and Level Annotations

Branches:
Dungeon (4/8)              Temple (0/1) D:4

Altars:
Okawaru
Yredelemnul

Shops:
D:3 %

Annotations:
D:3 3 runed translucent doors, dpy's ghost, novice HOBe
D:4 Grum


Innate Abilities, Weirdness & Mutations

Your shadowy dark scales are resilient. (AC +8)
You can breathe bolts of negative energy.
You cannot wear any armour on your peculiar form.
You are cold-blooded and are slowed more easily by cold attacks.
You are in touch with the powers of death.
Your shadowy dark scales make you much more stealthy. (Stealth++)


Message History

Press: ? - help, Shift-Dir - straight line, f/p - orc warrior
Aim: an orc warrior, wielding a +0 glaive and wearing a +0 plate armour (88%, 85% to-hit, severely wounded (9/29), 78% (Melee), 65% (Ranged))
You shoot an arrow.
The arrow pokes the orc warrior but does no damage.
The orc warrior is severely wounded. (9/29) HP
Aiming:
c - a +4 longbow of velocity, Range: 2 (50%)
Press: ? - help, Shift-Dir - straight line, f/p - orc warrior
Aim: an orc warrior, wielding a +0 glaive and wearing a +0 plate armour (88%, 85% to-hit, severely wounded (9/29), 78% (Melee), 65% (Ranged))
You shoot an arrow.
The arrow pokes the orc warrior but does no damage.
The orc warrior is severely wounded. (9/29) HP The orc warrior hits you from afar with a +0 glaive (16)!
* * * LOW HITPOINT WARNING * * *
Aiming:
c - a +4 longbow of velocity, Range: 2 (50%)
Press: ? - help, Shift-Dir - straight line, f/p - orc warrior
Aim: an orc warrior, wielding a +0 glaive and wearing a +0 plate armour (88%, 85% to-hit, severely wounded (9/29), 78% (Melee), 65% (Ranged))
You shoot an arrow. The arrow pokes the orc warrior (2).
The orc warrior is severely wounded. (6/29) HP The orc warrior hits you from afar with a +0 glaive (18)!!
You die...

*,,,+,<,,,,,,*,,,#.........
*,,,*,,,,,,,,*...#.........
*,,,*,,,,,,*##..,#.........
*,,,*,,,,,,*..)Z,##########
*,,.###+####..,,,..%.......
***.........o,,,,..........
*........o#'***#.........
*....<..o.#,,,,#.........
*.......@.#,,,,#.........
*.........#,,,,#.÷.......
*.........######.........
*...........÷............
*..........##'####÷......
*..........#.............
*#####.....#.............
#.....#......_..####
#.....##+##.P.P.....


You could see an orc warrior, an orc wizard and an orc.

Vanquished Creatures
  2 war dogs (D:4)
  Duvessa (D:2)
  2 porcupines
  2 ogres
  2 big kobolds (D:2)
  2 bullfrogs
  Dowan (D:2)
  6 jellies
  3 crimson imps
  An orc priest (D:3)
  3 hounds
  2 orc wizards (D:4)
  2 worker ants (D:3)
  A wyvern skeleton (D:4)
  5 giant cockroaches
  An iron imp (D:4)
  A bullfrog zombie (D:4)
  Robin (D:2)
  A bullfrog skeleton (D:3)
  A porcupine skeleton (D:3)
  A shadow imp (D:4)
  13 adders
  26 sewer rats
  3 worms (D:2)
  10 cinder newts
  4 oozes
  A hound skeleton (D:3)
  5 dart slugs (D:1)
  8 leopard geckos
  5 orcs
  3 adder skeletons
  12 bats
  A cinder newt skeleton (D:2)
  A gnoll skeleton (D:2)
  13 goblins
  11 hobgoblins
  12 kobolds
  2 quokkas
  3 ball pythons
  3 bat skeletons (D:2)
  7 rats
  2 giant blowflies (D:2)
  9 withered plants
195 creatures vanquished.

Vanquished Creatures (others)
  A giant cockroach (D:2)
  A slimehead (D:2)
  112 withered plants (D:2)
114 creatures vanquished.

Grand Total: 309 creatures vanquished

Notes
Turn   | Place    | Note
-------+----------+-------------------------------------------
     0 | Start Ma | esc the Immature Draconian Noble began the quest for the
                  | Orb.
     0 | Start Ma | Reached XP level 1. HP: 16/16 MP: 2/2
     0 | Start Ma | Found Xomearef's Auxillary Armour.
     8 | Start Ma | Bought a +0 pair of gloves of archery for 230 gold pieces
    13 | Start Ma | Found Muasix's Mashing MeleeMart.
    29 | Start Ma | Found Fanodesu's Expert Tomes.
    39 | Start Ma | Bought a +0 longbow for 180 gold pieces
    67 | Start Ma | Bought a +0 pair of boots for 135 gold pieces
    77 | Start Ma | Bought a +0 cloak for 135 gold pieces
   103 | Start Ma | Bought 2 scrolls of enchantment for 240 gold pieces
   138 | Start Ma | Bought a +0 hat for 80 gold pieces
   152 | D:1      | esc set off with the following items: a ration, a +0 pair
                  | of gloves of archery, a +2 longbow, a +0 pair of boots, a
                  | +0 cloak, a +0 hat
   165 | D:1      | Reached skill level 1 in Bows
   213 | D:1      | Reached XP level 2. HP: 23/23 MP: 4/4
   267 | D:1      | Reached skill level 2 in Bows
   273 | D:1      | Reached XP level 3. HP: 28/28 MP: 5/5
   654 | D:1      | Reached skill level 3 in Bows
   654 | D:1      | Reached XP level 4. HP: 35/35 MP: 6/6
   826 | D:2      | Noticed a big kobold
   986 | D:2      | Reached XP level 5. HP: 24/40 MP: 7/7
   990 | D:2      | Reached skill level 4 in Bows
  1167 | D:2      | Reached skill level 5 in Bows
  1167 | D:2      | Reached XP level 6. HP: 47/47 MP: 8/8
  1523 | D:3      | Reached skill level 6 in Bows
  1523 | D:3      | Your scales start taking on a shadowy dark colour.
  1523 | D:3      | Reached XP level 7. HP: 44/52 MP: 9/9
  1523 | D:3      | Gained mutation: Your shadowy dark scales make you much
                  | more stealthy. (Stealth++) [Black Draconian growth]
  1523 | D:3      | Gained mutation: You are in touch with the powers of death.
                  | [Black Draconian growth]
  1589 | D:3      | Found Zusefusu's Food Emporium.
  1716 | D:3      | Reached skill level 1 in Dodging
  1866 | D:3      | Found a runed translucent gate.
  1866 | D:3      | Found a runed translucent gate.
  1868 | D:3      | Found a runed translucent gate.
  1871 | D:3      | Found an iron altar of Okawaru.
  1922 | D:3      | Noticed dpy's ghost (novice HOBe)
  2182 | D:2      | Found a faded altar of an unknown god.
  2183 | D:2      | Reached XP level 8. HP: 52/66 MP: 10/10
  2184 | D:2      | Noticed Duvessa
  2194 | D:2      | Killed Duvessa
  2197 | D:2      | Noticed Dowan
  2199 | D:2      | Killed Dowan
  2265 | D:2      | Reached skill level 7 in Bows
  2781 | D:2      | Noticed Robin
  2909 | D:2      | Killed Robin
  2909 | D:2      | Reached skill level 5 in Fighting
  3572 | D:4      | Found a basalt altar of Yredelemnul.
  3749 | D:4      | Reached XP level 9. HP: 58/75 MP: 11/11
  3767 | D:4      | Noticed Grum
  3811 | D:4      | Mangled by an orc warrior

Levels and vault maps discovered:
D:1:      dpeg_arrival_shelter, layout_basic, first_ration
D:2:      layout_sewer, chequers_ecumenical_altar_simple_redux, uniq_duvessa,
          uniq_robin
D:3:      layout_cave_pools, gammafunk_ghost_necromancy, serial_shops, shop,
          okawaru_metal_pillars_1_2
D:4:      nicolae_whirlpool, layout_irregular_city, yredelemnul_altar_generic,
          minmay_temple_entry_poolview, enter_bailey_3, uniq_grum, uniq_maggie

Skill      XL: |  1  2  3  4  5  6  7  8 |
---------------+-------------------------+-----
Bows           | 1 2 3 5 6 7 |  7.8
Fighting       | 3 6 |  6.6
Dodging        | 2 4 |  4.3
Stealth        | |  0.6
Spellcasting   | |  1.3

Action                   |  1- 3 |  4- 6 |  7- 9 || total
-------------------------+-------+-------+-------++-------
 Fire: Longbow           |    56 |   117 |   279 ||   452
 Abil: Breathe Dart      |       |     1 |       ||     1
       Breathe Negative  |       |       |     2 ||     2
  Use: Scroll            |     3 |     3 |     5 ||    11
       Potion            |       |       |     1 ||     1
  Eat: Chunk             |       |     2 |     6 ||     8
       Ration            |       |       |     1 ||     1
Armor: Skin              |     5 |    32 |    78 ||   115
Dodge: Dodged            |     3 |    16 |    39 ||    58
